Cogmind - Beta 13 @@@ ROGUE MODE // 2024.04.06 @ 03:42:13 Player: Iris Result: Self-destructed Performance ------------- Evolutions (4) 2000 Regions Visited (7) 1400 Robots Destroyed (29) 145 Value Destroyed (793) 793 Prototype IDs (5) 100 Alien Tech Used (0) 0 Bonus (386) 386 TOTAL SCORE: 4824 Bonus ------- Follower Combat Kills 86 Aligned with FarCom 300 Cogmind --------- Core Integrity 738/850 Matter 300/300 Energy 1210/1210 System Corruption 8% Temperature Cool (0) Movement Core (700) Ox13 Location -6/Factory Parts ------- > --- POWER (3) -------- Fission Core Hybrid Fission Core Cold Fusion Reactor > --- PROPULSION (4) --- (None) > --- UTILITY (5) ------ Triangulator Experimental Sensor Array Signal Interpreter Hacking Suite Improved Hacking Suite > --- WEAPON (3) ------- Remote Datajack Great Axe Heavy Pick > --- INVENTORY (5) ---- Light Nuclear Core Transmission Jammer Drone Bay (2/2) Faulty Improved Heavy Machine Gun Rocket Launcher Peak State ------------ > --- POWER ------------ Fission Core Hybrid Fission Core Cold Fusion Reactor > --- PROPULSION ------- Flying Fortress v7 > --- UTILITY ---------- Triangulator Experimental Sensor Array Signal Interpreter Hacking Suite Improved Hacking Suite > --- WEAPON ----------- Remote Datajack Great Axe Heavy Pick > --- INVENTORY -------- Light Nuclear Core Transmission Jammer Drone Bay Improved Heavy Machine Gun Rocket Launcher [Rating: 86] Favorites ----------- Power Nuclear Core Engine Deuterium Engine Power Core Nuclear Core Reactor Cold Fusion Reactor Propulsion Flying Fortress v7 Wheel Compact Wheel Flight Unit Flying Fortress v7 Utility Signal Interpreter Device Experimental Sensor Array Storage Medium Storage Unit Processor Signal Interpreter Hackware Hacking Suite Protection Improved Utility Shielding Weapon Great Axe Energy Gun EM Pulse Gun Ballistic Gun Light Assault Rifle Launcher Grenade Launcher Special Weapon Remote Datajack Slashing Weapon Great Axe Piercing Weapon Heavy Pick Build | -11 -10 -10 -10 -9 -8 -7 -6 ------- Run | Yrd Mat Min Exi Min Mat Fac Fac Slots Evolved 8 | . . . . . 4 2 2 Power 2 | . . . . . 1 . 1 Propulsion 2 | . . . . . 2 . . Utility 3 | . . . . . 1 2 . Weapon 1 | . . . . . . . 1 Parts Attached 52 | 5 6 1 5 4 9 9 13 Power 12 | 1 1 . . . 3 2 5 Engine 7 | 1 1 . . . 1 2 2 Core 4 | . . . . . 2 . 2 Reactor 1 | . . . . . . . 1 Propulsion 4 | 2 . . 1 . 1 . . Treads . | . . . . . . . . Leg . | . . . . . . . . Wheel 3 | 2 . . 1 . . . . Hover . | . . . . . . . . Flight 1 | . . . . . 1 . . Utility 20 | 1 3 . 4 . 3 3 6 Device 10 | . . . 3 . 3 1 3 Storage 2 | 1 . . 1 . . . . Processor 4 | . 2 . . . . 1 1 Hackware 2 | . . . . . . . 2 Protection 2 | . 1 . . . . 1 . Artifact . | . . . . . . . . Weapon 16 | 1 2 1 . 4 2 4 2 Energy Gun 6 | 1 1 1 . 1 1 1 . Energy Cannon . | . . . . . . . . Ballistic Gun 2 | . . . . 2 . . . Ballistic Cannon . | . . . . . . . . Launcher 3 | . 1 . . 1 1 . . Special Weapon 1 | . . . . . . 1 . Impact Weapon . | . . . . . . . . Slashing Weapon 3 | . . . . . . 2 1 Piercing Weapon 1 | . . . . . . . 1 Special Melee Weapon . | . . . . . . . . Unidentified Prototypes 5 | . . . 2 . 2 . 1 Parts Lost 5 | . 2 . . 1 . . 2 Power 1 | . 1 . . . . . . Propulsion 1 | . . . . . . . 1 Utility 1 | . . . . . . . 1 Weapon 2 | . 1 . . 1 . . . Highest Loss Streak 1 | . 1 . . 1 . . 1 To Critical Strikes . | . . . . . . . . Average Slot Usage (%) 79 | . 90 85 83 98 70 73 78 Engine 8 | . 12 14 14 14 9 6 3 Core 5 | . . . . . 8 7 9 Reactor 1 | . . . . . . . 5 Wheel 8 | . 28 28 26 28 . . . Flight 4 | . . . . . 8 7 6 Device 10 | . . . 1 . 11 17 15 Storage 4 | . 5 . 5 14 9 7 . Processor 9 | . 14 28 21 14 4 7 6 Hackware 3 | . . . . . . . 9 Energy Gun 5 | . 14 14 14 7 7 2 . Ballistic Gun 1 | . . . . 12 1 . . Launcher 3 | . 12 . . 7 9 1 . Special Weapon 2 | . . . . . . 2 6 Slashing Weapon 3 | . . . . . . 4 8 Naked Turns . | . . . . . . . . Heaviest Build 53 | 12 24 10 19 21 42 46 53 Greatest Support 50 | 26 26 26 26 26 50 50 50 Greatest Overweight (x) 2 | 2 . . 1 . . . 1 Average Overweight (x) . | . . . . . . . . Largest Inventory Capacity 10 | 8 8 5 10 10 10 10 10 Average Capacity 7 | 5 6 5 6 10 10 10 5 Most Carried 10 | . 5 5 8 10 10 10 9 Average Carried 6 | . 1 4 5 9 7 9 5 Final Capacity 10 | 8 5 5 10 10 10 10 5 Final Carried 10 | . 5 4 8 10 8 10 5 Class Distribution -------------------- 51% | Mutant 17% | Hacker-Mutant 16% | Infiltrator-Mutant 13% | Scout Dominant Class ---------------- Mutant | -10/Materials Mutant | -10/Mines Mutant | -10/Exiles Mutant | -9/Mines Scout | -8/Materials Mutant | -7/Factory Hacker-Mutant | -6/Factory Resources | -11 -10 -10 -10 -9 -8 -7 -6 ----------- Run | Yrd Mat Min Exi Min Mat Fac Fac Matter Collected 950 | 210 58 . . 97 70 241 274 Remotely . | . . . . . . . . Salvage Created 859 | . 230 . . 65 120 165 279 Parts 62 | . 20 . . 8 6 6 22 Haulers Intercepted 3 | . 1 . . . 1 . 1 Recyclers Shooed 1 | . . . . 1 . . . Parts Field Recycled . | . . . . . . . . Retrieved Matter . | . . . . . . . . Parts Self-Destructed . | . . . . . . . . Prevented . | . . . . . . . . Kills | -11 -10 -10 -10 -9 -8 -7 -6 ------- Run | Yrd Mat Min Exi Min Mat Fac Fac Combat Hostiles Destroyed 19 | . 7 . . 4 2 3 3 Melee 5 | . . . . . . 2 3 Guns 5 | . 2 . . 1 1 1 . AOE 9 | . 5 . . 3 1 . . Classes Destroyed 11 | . 6 . . . 2 2 1 Worker 1 | . . . . . . 1 . Builder 2 | . 1 . . . . . 1 Tunneler 1 | . . . . . 1 . . Hauler 3 | . 1 . . . 1 . 1 Recycler 1 | . 1 . . . . . . Watcher 2 | . 1 . . . . . 1 Swarmer 7 | . 3 . . 4 . . . Grunt 6 | . 4 . . . . 2 . Sentry 2 | . . . . . 2 . . Hunter 1 | . . . . . . . 1 Programmer 3 | . . . . . . 1 2 Best Kill Streak 4 | . 4 . . 4 2 2 2 Combat Bots Only 4 | . 3 . . 4 1 2 2 Max Kills in Single Turn 3 | . 2 . . 3 1 1 1 Gunslinging . | . . . . . . . . Exploded 3 | . 2 . . 3 1 . . Melee 1 | . . . . . . 1 1 Uniques/NPCs Destroyed . | . . . . . . . . Combat | -11 -10 -10 -10 -9 -8 -7 -6 -------- Run | Yrd Mat Min Exi Min Mat Fac Fac Hostile Shots Fired 267 | . 23 . . 12 32 29 171 Missed 129 | . 4 . . 3 18 14 90 Damage Taken 2112 | . 325 3 . 117 221 223 1223 Core 233 | . 41 . . 40 40 . 112 Absorbed by Shields . | . . . . . . . . Redirected to Shielding 57 | . . . . . . 57 . Regen/Repaired (Parts) 72 | . . . . . 25 . 47 Core Remaining (%) 89 | 100 . . . 67 92 100 . Volleys Fired 56 | . 22 . . 7 23 4 . Largest 2 | . 2 . . 2 2 2 . Hottest 113 | . 70 . . 80 96 113 . Shots Fired 82 | . 30 . . 11 36 5 . Gun 60 | . 22 . . 11 23 4 . Cannon . | . . . . . . . . Launcher 22 | . 8 . . . 13 1 . Special . | . . . . . . . . Kinetic . | . . . . . . . . Thermal 41 | . 14 . . . 23 4 . Explosive 22 | . 8 . . . 13 1 . Electromagnetic 19 | . 8 . . 11 . . . Robot Hit Streak 6 | . 3 . . 2 6 3 . Robot Miss Streak 4 | . 2 . . 4 2 2 . Penetration Max . | . . . . . . . . Secondary Targets . | . . . . . . . . Shots Hit Robots 68 | . 17 . . 5 15 8 23 Core Hits 47 | . 19 . . 4 11 6 7 Critical Kills . | . . . . . . . . Critical Parts Destroyed . | . . . . . . . . Critical Strikes 3 | . . . . . . . 3 Sever 3 | . . . . . . . 3 Melee Attacks 80 | . . . . . . 9 71 Impact . | . . . . . . . . Slashing 56 | . . . . . . 9 47 Piercing 24 | . . . . . . . 24 Sneak Attacks 3 | . . . . . . 1 2 Combat Hostiles . | . . . . . . . . Follow-up Attacks 7 | . . . . . . . 7 Damage Inflicted 2410 | . 545 7 . 134 532 358 834 Guns 498 | . 160 . . 52 186 100 . Cannons . | . . . . . . . . Explosions 855 | . 384 . . 75 346 50 . Melee 1042 | . . . . . . 208 834 Ramming 15 | . 1 7 . 7 . . . Kinetic . | . . . . . . . . Thermal 496 | . 135 . . 75 186 100 . Explosive 780 | . 384 . . . 346 50 . Electromagnetic 77 | . 25 . . 52 . . . Impact . | . . . . . . . . Slashing 950 | . . . . . . 208 742 Piercing 92 | . . . . . . . 92 Highest Corruption 8 | . 1 1 1 1 . 5 8 Average Corruption 3 | . 1 1 1 1 . 3 5 Corruption Purged . | . . . . . . . . Corruption Blocked . | . . . . . . . . Effects 28 | . . 3 1 . . 8 16 Message Errors 3 | . . 1 . . . . 2 Matter Fused 7 | . . 2 . . . 2 3 Heat Flow Errors 3 | . . . . . . . 3 Energy Discharges 4 | . . . . . . 1 3 Parts Fused 1 | . . . . . . 1 . Data Loss (minor) 6 | . . . . . . 3 3 Data Loss (major) 2 | . . . 1 . . 1 . Alerts 2 | . . . . . . . 2 Overload Shots . | . . . . . . . . Overflow Damage 71 | . 1 . . . . . 70 Projectiles . | . . . . . . . . Explosions 1 | . 1 . . . . . . Melee 70 | . . . . . . . 70 Knockbacks 2 | . . 1 . 1 . . . Impact 2 | . . 1 . 1 . . . Kinetic . | . . . . . . . . Secondary . | . . . . . . . . Self-Inflicted Damage 187 | . 123 3 . 43 18 . . Shots 4 | . 2 . . 1 1 . . Rammed 6 | . 1 3 . 2 . . . Targets Rammed 6 | . 1 3 . 2 . . . Kicked . | . . . . . . . . Crushed . | . . . . . . . . Highest Temperature 433 | . 284 . . 102 433 120 256 Average Temperature 112 | . 78 . . 58 141 49 119 Received Heat Transfer 270 | . 75 . . . 81 36 78 Effects 5 | . 1 . . . 4 . . Shutdowns 2 | . . . . . 2 . . Energy Bleed 1 | . 1 . . . . . . Short Circuit 1 | . . . . . 1 . . Damage (minor) 1 | . . . . . 1 . . Siege Activations . | . . . . . . . . Robots Corrupted . | . . . . . . . . Combat Hostiles . | . . . . . . . . Parts Fried . | . . . . . . . . Impact Corruptions . | . . . . . . . . Robots Melted . | . . . . . . . . Combat Hostiles . | . . . . . . . . Parts Melted . | . . . . . . . . Heat Transferred 990 | . 333 . . 50 407 200 . Parts Sabotaged . | . . . . . . . . Parts Stolen . | . . . . . . . . Parts Stripped . | . . . . . . . . Power Chain Reactions 1 | . . . . 1 . . . Alert | -11 -10 -10 -10 -9 -8 -7 -6 ------- Run | Yrd Mat Min Exi Min Mat Fac Fac Peak Influence 312 | . 238 92 . 95 228 294 312 Initial 93 | . . 92 . . 37 93 50 Average 104 | . 182 92 . 71 92 159 84 Maximum Alert Level 1 | . 1 . . . 1 1 1 Low Security (%) 86 | 100 26 100 . 100 95 77 95 Level 1 13 | . 73 . . . 4 22 4 Level 2 . | . . . . . . . . Level 3 . | . . . . . . . . Level 4 . | . . . . . . . . Level 5 . | . . . . . . . . High Security . | . . . . . . . . Max Security . | . . . . . . . . Squads Dispatched 14 | . . . . . 5 2 7 Investigation 7 | . . . . . 3 1 3 Extermination 2 | . . . . . . . 2 Reinforcement 4 | . . . . . 2 . 2 Assault . | . . . . . . . . Garrison 1 | . . . . . . 1 . Intercept . | . . . . . . . . Searches Triggered . | . . . . . . . . Construction Impeded 1 | . . . . . 1 . . Haulers Reinforced . | . . . . . . . . Active Scanning Responses . | . . . . . . . . Cargo Convoy Interrupts . | . . . . . . . . Stealth | -11 -10 -10 -10 -9 -8 -7 -6 --------- Run | Yrd Mat Min Exi Min Mat Fac Fac Distress Signals 5 | . 2 . . . 3 . . Communications Jammed . | . . . . . . . . Distress Signals . | . . . . . . . . Times Spotted 81 | . 13 . . 4 16 13 35 Peak Tracking Total 10 | . 5 . . 4 7 6 10 Tactical Retreats 12 | . . . . . 3 1 8 Traps | -11 -10 -10 -10 -9 -8 -7 -6 ------- Run | Yrd Mat Min Exi Min Mat Fac Fac Traps Triggered 6 | . . . . . 1 3 2 Indirectly . | . . . . . . . . Trap Hack Attempts . | . . . . . . . . Triggered . | . . . . . . . . Disarmed 6 | . . . . . . . 6 Reprogrammed . | . . . . . . . . Reused . | . . . . . . . . Traps Extracted . | . . . . . . . . Installed . | . . . . . . . . Triggered . | . . . . . . . . Machines | -11 -10 -10 -10 -9 -8 -7 -6 ---------- Run | Yrd Mat Min Exi Min Mat Fac Fac Machines Disabled 7 | . 3 . . . 3 1 . Max in Single Turn 2 | . 2 . . . 1 1 . Machines Repaired . | . . . . . . . . Machines Dismantled . | . . . . . . . . Machines Sabotaged . | . . . . . . . . Overloaded Fab Kills . | . . . . . . . . Hacking | -11 -10 -10 -10 -9 -8 -7 -6 --------- Run | Yrd Mat Min Exi Min Mat Fac Fac Machines Accessed 17 | . 1 . . . 4 5 7 Terminals 9 | . 1 . . . 2 2 4 Fabricators . | . . . . . . . . Repair Stations 3 | . . . . . 1 . 2 Recycling Units 1 | . . . . . . 1 . Scanalyzers 2 | . . . . . 1 1 . Garrison Access 2 | . . . . . . 1 1 Total Hacks 49 | . 1 . . . 21 10 17 Successful 31 | . 1 . . . 16 5 9 Failed 18 | . . . . . 5 5 8 Catastrophic 2 | . . . . . 1 . 1 Database Lockouts . | . . . . . . . . Manual 7 | . . . 1 . 4 . 2 Terminals 21 | . 1 . . . 7 2 11 Fabricators . | . . . . . . . . Repair Stations 7 | . . . . . 3 . 4 Recycling Units 1 | . . . . . . 1 . Scanalyzers 14 | . . . . . 11 3 . Garrison Access 6 | . . . . . . 4 2 Terminal Hacks 12 | . 1 . . . 3 2 6 Record 2 | . . . . . . . 2 Open DSF 2 | . . . . . . 2 . Emergency Access Points 1 | . . . . . 1 . . Alert Level 1 | . . . . . . . 1 Locate Traps 3 | . 1 . . . 1 . 1 Disarm Traps 1 | . . . . . . . 1 Transport Status 1 | . . . . . 1 . . Hauler Manifests 1 | . . . . . . . 1 Fabricator Hacks . | . . . . . . . . Repair Station Hacks 4 | . . . . . 2 . 2 Scan Component 2 | . . . . . 1 . 1 Repair 2 | . . . . . 1 . 1 Recycling Unit Hacks 1 | . . . . . . 1 . Retrieve Matter 1 | . . . . . . 1 . Scanalyzer 13 | . . . . . 11 2 . Insert Component 6 | . . . . . 5 1 . Analyze 7 | . . . . . 6 1 . Garrison Access Hacks 1 | . . . . . . . 1 Unlock Access 1 | . . . . . . . 1 Unauthorized Hacks . | . . . . . . . . Terminals . | . . . . . . . . Fabricators . | . . . . . . . . Repair Stations . | . . . . . . . . Recycling Units . | . . . . . . . . Scanalyzers . | . . . . . . . . Garrison Access . | . . . . . . . . Data Cores Recovered . | . . . . . . . . Used . | . . . . . . . . Hacking Detections 12 | . . . . . 3 4 5 Full Trace Events 6 | . . . . . 2 1 3 Feedback Events 2 | . . . . . . . 2 Corruption 2 | . . . . . . . 2 Feedback Blocked . | . . . . . . . . Robot Schematics Acquired . | . . . . . . . . Robots Built . | . . . . . . . . Authchips . | . . . . . . . . Time . | . . . . . . . . Total Robot Build Rating . | . . . . . . . . Part Schematics Acquired 6 | . . . . . 5 1 . Parts Built . | . . . . . . . . Authchips . | . . . . . . . . Time . | . . . . . . . . Total Part Build Rating . | . . . . . . . . Parts Repaired 2 | . . . . . 1 . 1 Time 127 | . . . . . 108 . 19 Parts Recycled . | . . . . . . . . Recycled Matter . | . . . . . . . . Retrieved Matter . | . . . . . . . . Retrieved Components . | . . . . . . . . Parts Scanalyzed 6 | . . . . . 5 1 . Part Schematics Acquired 6 | . . . . . 5 1 . Parts Damaged . | . . . . . . . . Bothacking | -11 -10 -10 -10 -9 -8 -7 -6 ------------ Run | Yrd Mat Min Exi Min Mat Fac Fac Used RIF Installer . | . . . . . . . . Robots Hacked . | . . . . . . . . Non-combat . | . . . . . . . . Combat . | . . . . . . . . Robot Hacks Applied . | . . . . . . . . Relay Couplers Released . | . . . . . . . . Fabnet Peak Effective % . | . . . . . . . . Robots Rewired . | . . . . . . . . Allies Hacked 2 | . . . . . . 2 . Hacks Repelled . | . . . . . . . . Allies | -11 -10 -10 -10 -9 -8 -7 -6 -------- Run | Yrd Mat Min Exi Min Mat Fac Fac Total Allies 7 | . . 3 . 1 . 3 . Largest Group 3 | . . 3 3 1 1 3 . Highest-Rated Group 93 | . . 40 40 31 31 93 . Highest-Rated Ally 31 | . . 16 16 31 31 31 . Total Orders 1 | . . . . . . . 1 EXPLORE 1 | . . . . . . . 1 Ally Attacks 20 | . . . . . . 20 . Total Damage 357 | . . . . . . 357 . Kills 2 | . . . . . . 2 . Allies Corrupted . | . . . . . . . . Allies Melted . | . . . . . . . . Intel | -11 -10 -10 -10 -9 -8 -7 -6 ------- Run | Yrd Mat Min Exi Min Mat Fac Fac Robot Analysis Total . | . . . . . . . . Derelict Logs Recovered 1 | . . . . 1 . . . Drone Launches 2 | . . . . . . . 2 Drone Recoveries . | . . . . . . . . Exploration | -11 -10 -10 -10 -9 -8 -7 -6 ------------- Run | Yrd Mat Min Exi Min Mat Fac Fac Turns Passed 3198 | 110 304 149 239 262 570 480 1084 Spaces Moved 4061 | 102 264 161 251 234 601 816 1632 Core 24 | 24 . . . . . . . Treads . | . . . . . . . . Legs . | . . . . . . . . Wheels 999 | 78 264 161 251 234 11 . . Hover . | . . . . . . . . Flight 3038 | . . . . . 590 816 1632 Fastest Speed 50 | 50 90 90 90 90 50 50 50 Average Speed 60 | 101 90 90 90 90 50 50 51 Slowest Speed 150 | 150 90 90 115 90 90 50 150 Overloaded Moves . | . . . . . . . . Propulsion Burnouts . | . . . . . . . . Robots Hopped 14 | . . . . . 10 4 . Cave-ins Triggered . | . . . . . . . . Exploration Rate (%) 36 | 6 41 39 61 53 37 17 38 Regions Visited 7 Branch Regions 3 Pre-discovered Areas . | . . . . . . . . Known Exits Taken 6 | . 1 1 1 1 1 1 . Unknown Exits Taken 1 | 1 . . . . . . . Scrap Searched 1 | . . . . 1 . . . Spaces Dug 32 | . . . . . . 3 29 Terrain Destroyed 166 | . 47 . . 5 82 3 29 Melee 32 | . . . . . . 3 29 Projectile . | . . . . . . . . AOE 134 | . 47 . . 5 82 . . Terrain Rammed . | . . . . . . . . Walls Destroyed . | . . . . . . . . Machines Disabled . | . . . . . . . . Actions | -11 -10 -10 -10 -9 -8 -7 -6 --------- Run | Yrd Mat Min Exi Min Mat Fac Fac Total 4564 | 106 299 165 262 273 820 863 1776 Wait 257 | . . . . 21 188 8 40 Move 4027 | 101 263 160 250 233 581 807 1632 Hop 13 | . . . . . 9 4 . Pick Up 16 | . 3 . 1 3 2 2 5 Fast Attach 39 | 5 6 . 4 4 5 5 10 Attach 12 | . . 1 1 . 3 4 3 Detach 19 | . 3 . 4 . 4 5 3 Swap 1 | . . . . . 1 . . Drop 29 | . 1 1 2 3 4 3 15 Fire 56 | . 22 . . 7 23 4 . Melee 69 | . . . . . . 9 60 Ram 6 | . 1 3 . 2 . . . Kick . | . . . . . . . . Crush . | . . . . . . . . Escape Stasis 19 | . . . . . . 11 8 Rewire 1 | . . . . . . 1 . Trap . | . . . . . . . . Miscellaneous . | . . . . . . . . Route ------- -11/Scrapyard -10/Materials (discovered 2 exits: *Mat / *Min) -10/Mines -10/Exiles -9/Mines -8/Materials -7/Factory (discovered 2 exits: *Fac x2) -6/Factory (discovered 2 exits: *Low / Gar) History --------- Turn | Location | Event 13 | -11/Scrapyard | Discovered new exit (range 16) 111 | -11/Scrapyard | Entered Materials 257 | -10/Materials | Discovered new exit (range 16) 307 | -10/Materials | Identified exit to Materials 317 | -10/Materials | Build established: Mutant 346 | -10/Materials | Discovered new exit (range 9) 359 | -10/Materials | Identified exit to Mines 415 | -10/Materials | Entered Mines 444 | -10/Mines | Found a hidden stash of uninstalled traps 519 | -10/Mines | Assisted by bots powering up and referring to "LRC-V3" 559 | -10/Mines | Deemed a non-threat by the Exiles lab entrance 560 | -10/Mines | Discovered new exit (range 5) 563 | -10/Mines | Identified exit to Exiles 564 | -10/Mines | Entered Exiles 564 | -10/Exiles | Accompanied by 3 allies 586 | -10/Exiles | Met 8R-AWN 605 | -10/Exiles | Met EX-HEX 635 | -10/Exiles | Met EX-BIN 650 | -10/Exiles | Aligned with FarCom system 651 | -10/Exiles | Given EX-Vault access code 678 | -10/Exiles | Opened EX-Vault 689 | -10/Exiles | Found Prototype Device 689 | -10/Exiles | Identified Chronowheel 689 | -10/Exiles | Activated Chronowheel 696 | -10/Exiles | Found Prototype Device 696 | -10/Exiles | Identified Cloak of Protection 710 | -10/Exiles | Found Prototype Flight Unit 730 | -10/Exiles | Warned to stay clear of 0b10 Research branches 760 | -10/Exiles | Met EX-DEC 795 | -10/Exiles | Discovered new exit (range 10) 802 | -10/Exiles | Identified exit to Mines 803 | -10/Exiles | Stole two prototypes: Cloak of Protection, Flying Fortress v7 803 | -10/Exiles | Entered Mines 889 | -9/Mines | Received a Mining Laser from a helpful Derelict 925 | -9/Mines | YI-UF0 nonchalantly dropped a Grenade Launcher on the ground 956 | -9/Mines | Learned location of 1 exit from Materials 963 | -9/Mines | Found a damaged Exp. Sensor Array with a note attached 966 | -9/Mines | Found Prototype Device 1056 | -9/Mines | Discovered new exit (range 8) 1064 | -9/Mines | Identified exit to Materials 1065 | -9/Mines | Entered Materials 1065 | -8/Materials | Accompanied by 1 ally 1065 | -8/Materials | Evolved 4 slots: Power x1, Propulsion x2, Utility x1 1066 | -8/Materials | Identified exit to Factory 1078 | -8/Materials | Identified Flying Fortress v7 1079 | -8/Materials | Identified Exp. Sensor Array 1390 | -8/Materials | Build established: Scout 1522 | -8/Materials | Repaired Exp. Sensor Array 1635 | -8/Materials | Entered Factory 1635 | -7/Factory | Evolved 2 slots: Utility x2 1637 | -7/Factory | FarCom data flow suspended 1638 | -7/Factory | Identified exit to DSF 1927 | -7/Factory | Allied Derelicts emerged from ambush trap array 1937 | -7/Factory | Build established: Mutant 1998 | -7/Factory | Discovered new exit (range 16) 2011 | -7/Factory | Discovered new exit (range 15) 2018 | -7/Factory | Identified exit to Factory 2107 | -7/Factory | Garrison activated, responded to threat 2115 | -7/Factory | Entered another Factory area 2115 | -6/Factory | Evolved 2 slots: Power x1, Weapon x1 2172 | -6/Factory | Identified exit to Garrison 2270 | -6/Factory | Build established: Infiltrator-Mutant 2271 | -6/Factory | Repaired Deuterium Engine 2676 | -6/Factory | Discovered new exit (range 16) 2714 | -6/Factory | Identified exit to Lower Caves 2929 | -6/Factory | Build established: Hacker-Mutant 3126 | -6/Factory | Spotted B-75 Beast 3199 | -6/Factory | Self-destructed Last Messages --------------- (-350). 03146_ System corrupted: Energy discharge (-447). 03156_ Great Axe follow-up attack on W-25 Informer. 03156_ W-25 Informer destroyed. 03160_ Acquired 15 matter. 03167_ K-01 Serf destroyed. 03168_ System corrupted: Component data lost. 03174_ T-07 Excavator is excavating. 03178_ ALERT: Suspicious intruders detected, dispatching Cutter reinforcements to area. 03178_ T-07 Excavator is excavating. 03184_ Penetrated by Slug. 03194_ S-27 Virus destroyed. 03196_ Great Axe follow-up attack on S-27 Virus. 03196_ Destroyed VTOL Module. 03196_ Flying Fortress v7 destroyed. 03199_ ALERT: Rogue bot located, Programmers report to Factory Zone 6R. Map ----- +----------------------------------------------------+ | ?????????????????###% #?????# | | ?????????????????# # ! #?????# | | ????????????????#### ] ####### | | ???############## + | | ???# # ####### | | ???# """""" # ######### | | ???# """""" # | | ???# """""" # | | ???#" """""" # """ """ "" | | ???#" + """ """ "" | | ???#" """""" # """ """ "" | | ???#T """""" # """ "" | | ???#" """""" # | | ???#" """""" ####### """ """ "" | | ???#" #?????# """ """ "" | | ???# / #?????# """ """ "" | | ???##########"###?????# """ """ "" | | ????????????# #???????# | | ????????????#"######### | | ????????????# ! ! !!!# | | ????????????# !!!#x | | ????????????# "" !!!# ####+### | | ????????????# "" # #??????? | | ????????????# """ # #??????? | | ?############ """ " " + #??????? | | # * @# """ "T" # #??????? | | # %## """ # #??????? | | # """"" s*############ ###????? | | ? """"" ########## #????? | | # """ s # #????? | | # s " #????? | | # """"" # x #????? | | # """"" + H #????? | | # """ # #????? | | # # #????? | | # """"" " #????? | | # """"" !# "# #????? | | ?? """ # % ############????? | | ?? ! # #???????????????? | | ? ! # #???????????????? | | ?########### #???????????????? | | ???????????# +???????????????? | | ???????????# #?????? ????????? | | ???????????# #?????""????????? | | ???????????# #???? ""????????? | | ???????????# #???" ""????????? | | ???????????# g #?? ??????????? | | ???????????# ###+############# | | ???????????#g | | ???????????# | +----------------------------------------------------+ Best States ------------- Heat Dissipation 37 Energy Generation 39 Energy Capacity 1210 Matter Stores 300 Matter Capacity 300 Sight Range 16 Robot Scan Range 20 Terrain Scan Density 10 Jamming Range 12 Cloak Strength 5 Armor Coverage 225 Utility Shielding 66 Evasion (%) 60 Targeting Accuracy 6 Target Analysis 5 Offensive Hacking 22 Item Schematics ----------------- Imp. Ion Engine | -8/Materials | Scanalyzed Signal Interpreter | -8/Materials | Scanalyzed Transport Network Coupler | -8/Materials | Scanalyzed Seismic Detector | -8/Materials | Scanalyzed Med. Armor Plating | -8/Materials | Scanalyzed Deuterium Engine | -7/Factory | Scanalyzed Robot Schematics ------------------ None Fabricated ------------ Nothing Alien Tech Used ----------------- None Achievements -------------- Party Time Challenges ------------ None Game ------ Seed CatalystSigixJammer Manual? 0 Play Time 00:50:06 Cumulative 9.5 hours Start 2024.04.05 @ 16:25:42 End 2024.04.06 @ 03:42:13 Sessions 4 Manual Loads 0 Difficulty Rogue Special Mode None Game No. 28 Rogue 28 Adventurer 0 Explorer 0 Win Type - Total 0 Types 0/0/0/0/0/0/0/0/0 Lore% 13 Gallery% 19 Achievement% 17 Wizard Run 0 Options --------- Layout 2 ASCII 0 Keyboard 1 Movement Arrows Keybinds 0 Fullscreen 2 Font 32/SmallcapsGlow Map View 50x44 Zoom Use 0% Tactical HUD 1 Map Filters NONE Filters NONE Steam 1 RUN: 9496bd4b-81ab-4ffc-ba25-c5791fa5011e